AoeStats
← Lentando

Arabia

503306403Analyzed
2v2 RM · 2mo ago on Aug 31, 2026· 59m 47s· 4 players
Game mode
Random Map
Map size
Medium (4 player)
Population
200
Speed
Normal
Resources
Standard
Victory
Conquest
Starting age
Dark Age
Ending age
Imperial Age
RankedLock teamsTeams togetherTeam positionsShared explorationLock speedFull tech treeHidden civsTurbo modeCheats
Victory
Defeat
🇺🇸 Goths · United States
1032
+13
🇺🇸 Mongols · United States
834
+22
vs
🇧🇷 Wu · Brazil
974
-18
🇧🇷 Poles · Brazil
953
-17
Lentando
4:34 Loom
12:54 Feudal Age
12:58 Man-at-Arms
16:06 Horse Collar
16:13 Double-Bit Axe
17:19 Scale Mail Armor
20:00 Forging
23:03 Wheelbarrow
26:57 Castle Age
27:47 Stone Mining
28:30 Bow Saw
28:58 Iron Casting
29:04 Chain Mail Armor
28:58 Heavy Plow
29:08 Long Swordsman
34:40 Anarchy
40:25 Gold Mining
44:52 Imperial Age
42:43 Hand Cart
44:12 Pikeman
44:52 Squires
44:57 Elite Huskarl
45:59 Conscription
46:41 Blast Furnace
45:16 Two-Handed Swordsman
45:17 Halberdier
47:30 Two-Man Saw
48:01 Champion
50:13 Perfusion
51:56 Crop Rotation
51:55 Scale Barding Armor
54:52 Fletching
55:03 Padded Archer Armor
RustyShackleford
10:51 Feudal Age
9:07 Loom
12:26 Double-Bit Axe
13:59 Horse Collar
18:59 Gold Mining
23:16 Castle Age
23:02 Wheelbarrow
23:43 Bloodlines
23:42 Scale Barding Armor
27:14 Gold Shaft Mining
27:39 Forging
30:18 Squires
31:38 Pikeman
37:58 Town Watch
41:18 Bow Saw
43:44 Heavy Plow
46:45 Town Patrol
47:01 Hand Cart
50:58 Imperial Age
51:02 Iron Casting
51:36 Chain Barding Armor
52:57 Stone Mining
55:40 Elite Steppe Lancer
56:25 Light Cavalry
58:08 Blast Furnace
57:13 Murder Holes
58:12 Conscription
58:28 Husbandry
TenHeinzR2
0:53 Loom
10:06 Loom
12:23 Feudal Age
12:48 Double-Bit Axe
17:54 Castle Age
16:35 Horse Collar
26:37 Fletching
32:34 Ballistics
37:56 Bodkin Arrow
39:13 Masonry
43:27 Man-at-Arms
44:08 Squires
44:55 Long Swordsman
47:50 Scale Mail Armor
48:19 Murder Holes
48:56 Padded Archer Armor
51:05 Forging
53:41 Iron Casting
53:23 Leather Archer Armor
55:07 Chain Mail Armor
Rammstilhos
10:36 Feudal Age
11:26 Double-Bit Axe
20:37 Wheelbarrow
21:21 Bloodlines
22:07 Scale Barding Armor
22:13 Forging
36:12 Castle Age
38:08 Husbandry
40:40 Horse Collar
41:14 Bow Saw
40:59 Gold Mining
41:38 Light Cavalry
45:17 Chain Barding Armor
46:07 Iron Casting
Connection lost

Rejoining the realm…

Still unreachable

The connection could not be restored.

Session expired

The server has moved on; the page needs a fresh start.